 Dungeon Crawl Stone Soup version 0.30-a0-782-ge64f9170bb (webtiles) character file.

Game seed: 11265733396332848485

60 senseless the Sneak (level 4, -27/31 HPs)
             Began as an Octopode Delver on Feb 24, 2023.
             Annihilated by an ogre
             ... wielding a +0 giant club
              (28 damage)
             ... on level 5 of the Dungeon.
             The game lasted 00:01:17 (250 turns).

senseless the Sneak (Octopode Delver)                Turns: 250, Time: 00:01:17

Health: -27/31     AC:  1    Str: 11    XL:     4   Next: 6%
Magic:  4/4        EV: 13    Int: 12    God:
Gold:   0          SH:  0    Dex: 15    Spells: 3/3 levels left

rFire   . . .      SeeInvis .    a - +0 falchion
rCold   . . .      Faith    .    (no shield)
rNeg    . . .      Spirit   .    (helmet restricted)
rPois   .          Reflect  .    (no amulet)
rElec   .          Harm     .    (no ring)
rCorr   .          Rampage  .    (no ring)
Will    .....                    (no ring)
Stlth   +++++                    (no ring)
HPRegen 0.25/turn                (no ring)
MPRegen 0.09/turn                (no ring)
                                 (no ring)
                                 (no ring)

@: no status effects
A: almost no armour, amphibious, 8 rings, camouflage 1, gelatinous body 1,
(nimble swimmer 1), tentacles
a: no special abilities


You were on level 5 of the Dungeon.
You visited 1 branch of the dungeon, and saw 1 of its levels.

Inventory:

Hand Weapons
 a - a +0 falchion (weapon)
Wands
 f - a wand of digging (3)
Scrolls
 b - a scroll of fog
 c - a scroll of magic mapping
 d - a scroll of fear
Potions
 e - a potion of haste
 g - a potion of curing {unknown}


   Skills:
 + Level 3.5 Fighting
 + Level 2.6 Long Blades
 + Level 2.6 Dodging
 + Level 7.1 Stealth


You had 3 spell levels left.
You didn't know any spells.
Your spell library was empty.

Dungeon Overview and Level Annotations

Branches:
Dungeon (5/15)
 Temple: D:4-7

Altars:


Innate Abilities, Weirdness & Mutations

You cannot wear most types of armour.
You are amphibious.
You can wear up to eight rings at the same time.
Your skin changes colour to match your surroundings (Stealth+).
Your rubbery body absorbs attacks. (AC +1, EV +1)
((You are camouflaged when in or above water. (Stealth+)))
You have tentacles for arms and can constrict up to eight enemies at once.


Message History

HP restored.
An ogre comes into view. It is wielding a +0 giant spiked club.
You see here a scorpion corpse.
Found a stone staircase leading down.
An ogre comes into view. It is wielding a +0 giant club.
The ogre attacks as you move away! The ogre hits you with a +0 giant club!
A quokka comes into view.
The quokka misses you. The quokka attacks as you move away!
The quokka closely misses you. The quokka attacks as you move away!
The quokka barely misses you. x2
The quokka bites you. The quokka attacks as you move away!
The quokka bites you. The quokka attacks as you move away!
The quokka misses you. The quokka bites you.
The quokka attacks as you move away! The quokka bites you.
The quokka barely misses you. The quokka barely misses you.
The quokka attacks as you move away! The quokka closely misses you.
The quokka attacks as you move away! The quokka closely misses you.
Found 16 gold pieces.
Found a scroll labelled HILAVE ACLE.
The quokka attacks as you move away! The quokka bites you.
The quokka misses you.
You see here 16 gold pieces.
The quokka attacks as you move away! The quokka closely misses you.
The quokka bites you but does no damage.
You hit the quokka but do no damage. Your grab misses the quokka.
Your squeeze misses the quokka. The quokka bites you.
* * * LOW HITPOINT WARNING * * *
The ogre hits you with a +0 giant club.
* * * LOW HITPOINT WARNING * * *
The quokka completely misses you. The quokka barely misses you.
The ogre attacks as you move away! The ogre closely misses you.
The quokka barely misses you. The quokka bites you.
* * * LOW HITPOINT WARNING * * *
The ogre hits you with a +0 giant club!!
Ouch! That really hurt!
You die...

#.........O.#..O....#.###
##.#.##.##########..>...#
#.#. #.# #.##...# # #.
#.# #O##.#.## #O
#O####### #.#.....# ####
#.#.?...# #.##...## ....
#.#.....# #.###..# ....
#...Or..# #...O..# ....#
###.@...# #####.## .####
#.....# ..# .# #######
#.## .# #. #. #.


You could see an ogre and a quokka.

Vanquished Creatures
  A scorpion (D:5)
1 creature vanquished.

Notes
Turn   | Place    | Note
-------+----------+-------------------------------------------
     0 | D:5      | senseless the Octopode Delver began the quest for the Orb.
     0 | D:5      | Reached XP level 1. HP: 16/16 MP: 1/1
    96 | D:5      | Noticed a scorpion
   100 | D:5      | Killed a scorpion
   101 | D:5      | Reached skill level 7 in Stealth
   101 | D:5      | Reached XP level 2. HP: 10/21 MP: 2/2
   101 | D:5      | Reached XP level 3. HP: 13/26 MP: 3/3
   101 | D:5      | Reached XP level 4. HP: 16/31 MP: 4/4
   193 | D:5      | Noticed an ogre
   206 | D:5      | Noticed an ogre
   250 | D:5      | HP: 1/31 [quokka (4)]
   250 | D:5      | Annihilated by an ogre

Illustrated notes

Levels and vault maps discovered:
D:5:      layout_loops_cross, grunt_decor_arrowhead

Skill      XL: |  1 |
---------------+----+-----
Stealth        | 7 |  7.1
Fighting       | |  3.5
Long Blades    | |  2.6
Dodging        | |  2.6

Action                     |  1- 3 |  4- 6 || total
---------------------------+-------+-------++-------
  Melee: Falchion          |     2 |     1 ||     3
         Constrict         |     1 |       ||     1
   Stab: Sleeping          |     1 |       ||     1
 Armour: Skin              |       |     1 ||     1
  Dodge: Dodged            |       |    15 ||    15

Table legend: (Time is in decaauts)
 A = Elapsed time spent in this place.
 B = Non-inter-level travel time spent in this place.
 C = Inter-level travel time spent in this place.
 D = Time resting spent in this place.
 E = Time spent auto-exploring this place.
 F = Levels seen in this place.
 G = Mean time per level.
                   A        B        C        D        E       F      G
               +--------+--------+--------+--------+--------+-----+--------+
         Total |    250 |    250 |      0 |     92 |     95 |   1 |  250.0 |
       Dungeon |    250 |    250 |      0 |     92 |     95 |   1 |  250.0 |
               +--------+--------+--------+--------+--------+-----+--------+

Top non-repeatable levels by time:
     D:5: 250 daAuts
